 Dungeon Crawl Stone Soup version 0.31-a0-198-g2ad674f65e (webtiles) character file.

Game seed: 9492181402369261398

1023 qw the Skirmisher (level 8, -1/39 (46) HPs)
             Began as a Deep Elf Hunter on June 25, 2023.
             Slain by a wight
             ... wielding a +2 spear
              (2 damage)
             ... on level 5 of the Dungeon.
             The game lasted 00:01:50 (4157 turns).

qw the Skirmisher (Deep Elf Hunter)                 Turns: 4157, Time: 00:01:51

HP:   -1/39 (46)    AC:  9    Str: 10    XL:     8   Next: 2%
MP:   10/10         EV: 16    Int: 15    God:
Gold: 203           SH:  0    Dex: 18    Spells: 7/7 levels left

rFire   . . .        Y - +1 shortbow
rCold   . . .        (shield currently unavailable)
rNeg    . . .        e - +0 ring mail
rPois   .            g - +0 helmet
rElec   .            (no cloak)
rCorr   .            (no gloves)
SInv    .            j - +2 pair of boots {Fly}
Will    +....        (no amulet)
Stlth   +            d - +5 ring of evasion
HPRegen 0.26/turn    (no ring)
MPRegen 0.12/turn

%: no passive effects
@: flying, heavily drained
A: strong-willed 1
a: no special abilities


You were on level 5 of the Dungeon.
You visited 1 branch of the dungeon, and saw 6 of its levels.

You collected 203 gold pieces.


Innate Abilities, Weirdness & Mutations

You are strong-willed. (Will+)


   Skills:
 - Level 3.0 Fighting
 - Level 12.0 Ranged Weapons
 - Level 1.0 Armour
 + Level 3.5 Dodging
 - Level 1.2 Stealth


You had 7 spell levels left.
You didn't know any spells.
Your spell library was empty.

Inventory:

Hand Weapons
 Y - a +1 shortbow (weapon)
Armour
 e - a +0 ring mail (worn)
 g - a +0 helmet (worn)
 j - a +2 pair of boots of flying (worn)
Jewellery
 d - a +5 ring of evasion (left hand)
 h - an amulet of guardian spirit
 i - a ring of flight
Scrolls
 a - a scroll of identify
Potions
 b - a potion of curing {unknown}
 c - a potion of cancellation

Dungeon Overview and Level Annotations

Branches:
Dungeon (6/15)
 Temple: D:4-7

Altars:
Sif Muna

Shops:
D:6 *

Annotations:
D:3 1 runed translucent door, Crazy Yiuf


Message History

You shoot an arrow. The arrow hits the wight.
The wight is almost destroyed.
The wight hits you from afar with a +2 spear.
You feel drained. The wight barely misses you.
4148 ||| DRINKING potion of heal wounds.
You feel much better. The wight closely misses you. The wight misses you.
You shoot an arrow. The arrow hits the wight!
You destroy the wight!
The wight hits you from afar with a +2 spear.
You feel drained.
Your Fighting skill increases to level 3!
You have reached level 8!
You feel clever.
You shoot an arrow.
The arrow hits the wight but does no damage.
The wight hits you from afar with a +2 spear!
You feel drained.
You shoot an arrow. The arrow barely misses the wight.
The wight hits you but does no damage.
You shoot an arrow. The arrow hits the wight.
The wight is lightly damaged.
The wight barely misses you.
You shoot an arrow.
The arrow hits the wight but does no damage.
The wight is lightly damaged.
The wight hits you from afar with a +2 spear.
You feel drained.
You shoot an arrow. The arrow completely misses the wight.
The wight closely misses you.
You shoot an arrow. The arrow hits the wight.
The wight is lightly damaged.
The wight hits you from afar with a +2 spear.
You shoot an arrow. The arrow hits the wight.
The wight is heavily damaged.
The wight barely misses you.
You shoot an arrow. The arrow hits the wight.
The wight is severely damaged.
The wight hits you from afar with a +2 spear.
You feel drained.
You die...

#.##
###.##<#...###.###.........
.## #............#
#..).....# ##
######...##### ####.....#
##.## ...>.# #.# ##.##. #.#
## .# #.##.## . #####
#######.#...##### .....
.....>...@....... #####
#########)..####. # ##z## #
.# # .# # .# ##### .#
#...## .# .....#


You could see a wight.

Vanquished Creatures
  Eustachio (D:4)
  A phantom (D:3)
  3 scorpions
  A wight (D:5)
  A howler monkey (D:5)
  An orc priest (D:3)
  3 hounds
  3 iguanas
  Jessica (D:3)
  An orc wizard (D:4)
  10 gnolls
  7 adders
  A white imp (D:5)
  4 worms
  A dart slug (D:2)
  10 orcs
  10 ball pythons
  7 endoplasms
  3 giant cockroaches
  12 goblins
  5 hobgoblins
  3 jackals (D:4)
  3 quokkas
  5 bats
  8 frilled lizards
  9 kobolds
  4 rats
118 creatures vanquished.

Notes
Turn   | Place    | Note
-------+----------+-------------------------------------------
     0 | D:1      | qw the Deep Elf Hunter began the quest for the Orb.
     0 | D:1      | Reached XP level 1. HP: 12/12 MP: 3/3
     0 | D:1      | 0 ||| qw: Version: 0.3-a-22-g0ed2b0b
     0 | D:1      | 0 ||| qw: Game counter: 4989
     0 | D:1      | 0 ||| qw: Melee chars always use a shield: true
     0 | D:1      | 0 ||| qw: God list: Okawaru
     0 | D:1      | 0 ||| qw: Allow faded altars: false
     0 | D:1      | 0 ||| qw: Do Orc after clearing Dungeon:15 true
     0 | D:1      | 0 ||| qw: Do second Lair branch before Depths: true
     0 | D:1      | 0 ||| qw: Lair rune preference: random
     0 | D:1      | 0 ||| qw: Goals: Normal
     0 | D:1      | 0 ||| PLANNING D:1-11
   175 | D:1      | Reached skill level 6 in Ranged Weapons
   175 | D:1      | Reached XP level 2. HP: 16/16 MP: 4/4
   408 | D:1      | Found a faded altar of an unknown god.
   614 | D:1      | 614 ||| UPGRADING to +0 helmet.
   619 | D:1      | 619 ||| UPGRADING to +2 pair of boots of flying.
   624 | D:1      | 624 ||| READING scroll labelled WUDEKLO RACHUO.
   627 | D:1      | 627 ||| READING scroll labelled BUMOORIMUC.
   628 | D:1      | 628 ||| DRINKING 2 ruby potions.
   629 | D:1      | 629 ||| DRINKING 2 grey potions.
   630 | D:1      | 630 ||| DRINKING 2 fizzy brown potions.
   630 | D:1      | Gained mutation: You are frail. (-10% HP) [potion of
                  | mutation]
   631 | D:1      | 631 ||| DRINKING potion of mutation.
   631 | D:1      | Lost mutation: You are frail. (-10% HP) [potion of
                  | mutation]
   631 | D:1      | Gained mutation: You are strong-willed. (Will+) [potion of
                  | mutation]
   639 | D:1      | 639 ||| DROPPING scroll of butterflies.
   640 | D:1      | 640 ||| DROPPING potion of attraction.
   666 | D:2      | 666 ||| STAIRDANCE
   704 | D:2      | Reached XP level 3. HP: 11/20 MP: 5/5
   868 | D:2      | Reached skill level 7 in Ranged Weapons
   997 | D:2      | Found a shimmering blue altar of Sif Muna.
  1412 | D:2      | 1412 ||| UPGRADING to +0 scale mail.
  1422 | D:2      | 1422 ||| DROPPING +0 leather armour.
  1423 | D:2      | 1423 ||| UPGRADING to +0 ring mail.
  1433 | D:2      | 1433 ||| DROPPING +0 scale mail.
  1434 | D:2      | 1434 ||| UPGRADING to +5 ring of evasion.
  1435 | D:2      | 1435 ||| READING scroll labelled NOTAN ACUYTI.
  1436 | D:2      | 1436 ||| READING scroll labelled ZIEFAF NACZUJECSO.
  1481 | D:3      | Reached XP level 4. HP: 25/25 MP: 6/6
  1600 | D:3      | HP: 3/25 [orc priest/divine providence (12)]
  1601 | D:3      | 1601 ||| DRINKING 2 potions of heal wounds.
  1608 | D:3      | Reached skill level 8 in Ranged Weapons
  1676 | D:3      | Reached XP level 5. HP: 21/29 MP: 7/7
  1768 | D:3      | Noticed a phantom
  1795 | D:3      | Killed a phantom
  1796 | D:3      | Reached skill level 9 in Ranged Weapons
  2191 | D:3      | Found a runed translucent door.
  2192 | D:3      | Noticed Crazy Yiuf
  2283 | D:3      | Reached XP level 6. HP: 35/35 MP: 8/8
  2301 | D:3      | Noticed Jessica
  2307 | D:3      | Killed Jessica
  2374 | D:3      | Reached skill level 1 in Armour
  2607 | D:3      | 2607 ||| READING scroll labelled DELYGULAPIH.
  2608 | D:3      | 2608 ||| READING scroll labelled WYXAUF RADGH.
  2609 | D:3      | 2609 ||| READING scroll labelled ZUQOMP DEWYM.
  2610 | D:3      | 2610 ||| READING scroll labelled MATIAPTOEGA.
  2611 | D:3      | 2611 ||| READING scroll labelled JUCLIQ NOMOEMM.
  2612 | D:3      | 2612 ||| DRINKING 2 smoky purple potions.
  2655 | D:3      | 2655 ||| DROPPING potion of lignification.
  2686 | D:4      | 2686 ||| STAIRDANCE
  2768 | D:4      | 2768 ||| Stepping ~*~*~tactically~*~*~ (outnumbered).
  2875 | D:4      | You are sucked into a shaft and drop 2 floors!
  2877 | D:6      | Found Gejeihun's General Store.
  2884 | D:5      | Entered Level 5 of the Dungeon
  2890 | D:5      | Reached skill level 10 in Ranged Weapons
  2910 | D:5      | Reached skill level 3 in Dodging
  2920 | D:5      | Reached XP level 7. HP: 40/40 MP: 9/9
  3013 | D:4      | Noticed Eustachio
  3036 | D:4      | Killed Eustachio
  3037 | D:4      | Reached skill level 11 in Ranged Weapons
  3787 | D:4      | 3787 ||| READING scroll labelled SOAHOU DELOD.
  3788 | D:4      | 3788 ||| READING scroll labelled GACANW AWKODD.
  3789 | D:4      | 3789 ||| DRINKING 2 fizzy cyan potions.
  3790 | D:4      | 3790 ||| READING 2 scrolls of identify.
  3790 | D:4      | 3790 ||| IDENTIFYING red potion
  3791 | D:4      | 3791 ||| DROPPING potion of ambrosia.
  3943 | D:5      | Reached skill level 12 in Ranged Weapons
  4147 | D:5      | HP: 8/38 [wight/+2 spear (6)]
  4148 | D:5      | 4148 ||| DRINKING potion of heal wounds.
  4150 | D:5      | Reached skill level 3 in Fighting
  4150 | D:5      | Reached XP level 8. HP: 24/44 MP: 10/10
  4155 | D:5      | HP: 7/40 [wight/+2 spear (5)]
  4157 | D:5      | HP: 1/40 [wight/+2 spear (6)]
  4157 | D:5      | Slain by a wight

Levels and vault maps discovered:
D:1:      minmay_arrival_arboretum_large, layout_loops_ring,
          hellmonk_ecumenical_altar_run_dry, minmay_curled_crystal
D:2:      layout_basic, basic_altar
D:3:      minmay_razor_zed, layout_basic, minmay_misc_feat_more_columns,
          uniq_crazy_yiuf_cottage, uniq_jessica
D:4:      layout_loops_corners, uniq_eustachio
D:5:      layout_loops_ring, minmay_temple_entry_large_hall
D:6:      layout_basic, nicolae_stop_n_shop_2, minmay_three_doors

Skill      XL: |  1  2  3  4  5  6  7 |
---------------+----------------------+-----
Ranged Weapons | 6 7 8 9 10 12 | 12.0
Fighting       | 2 3 |  3.0
Armour         | 1 |  1.0
Dodging        | 3 |  3.5
Stealth        | |  1.2

Action                     |  1- 3 |  4- 6 |  7- 9 || total
---------------------------+-------+-------+-------++-------
   Fire: Shortbow          |   119 |   189 |   129 ||   437
    Use: Potion            |     4 |     2 |     2 ||     8
         Scroll            |     4 |     5 |     3 ||    12
 Armour: Leather armour    |    13 |       |       ||    13
         Ring mail         |       |    24 |    18 ||    42
  Dodge: Dodged            |    15 |    80 |    64 ||   159

Table legend:
 A = Non-vault XP
 B = Vault XP
 C = Vault XP percentage of total XP
 D = Non-vault monster count
 E = Vault monster count
 F = Vault count percentage of total count
                 A         B        C        D         E       F
            +---------+---------+-------+---------+---------+-------
      Total |    1067 |     395 |  27.0 |     102 |      16 |  13.6
            +---------+---------+-------+---------+---------+-------
        D:1 |      27 |       0 |   0.0 |      17 |       0 |   0.0
        D:2 |      68 |       0 |   0.0 |      23 |       0 |   0.0
        D:3 |     236 |     175 |  42.6 |      28 |      15 |  34.9
        D:4 |     269 |     220 |  45.0 |      21 |       1 |   4.5
        D:5 |     467 |       0 |   0.0 |      13 |       0 |   0.0
            +---------+---------+-------+---------+---------+-------
